 Dungeon Crawl Stone Soup version 0.29.1-2-gbd0b4ee654 (webtiles) character file.

Game seed: 15580573475114879507

5938 qeuew the Covert (level 10, -5/44 HPs)
             Began as a Spriggan Enchanter on Nov 10, 2022.
             Was an Initiate of Gozag.
             Killed from afar by an acid dragon (22 damage)
             ... with a splash of acid
             ... on level 10 of the Dungeon on Nov 11, 2022.
             The game lasted 00:22:08 (10907 turns).

qeuew the Covert (Spriggan Enchanter)              Turns: 10907, Time: 00:22:08

Health: -5/44      AC: -2    Str:  4    XL:     10   Next: 54%
Magic:  21/23      EV: 28    Int: 20    God:    Gozag
Gold:   1516       SH:  0    Dex: 29    Spells: 14/25 levels left

rFire   . . .      SeeInvis +   t - +2 short sword (vamp)
rCold   . . .      Faith    .   (no shield)
rNeg    . . .      Spirit   .   b - +0 robe
rPois   .          Reflect  .   (helmet restricted)
rElec   .          Harm     .   (no cloak)
rCorr   .          Rampage  .   (gloves unavailable)
Will    +....                   (boots unavailable)
Stlth   ++++++....              (no amulet)
HPRegen 0.14/turn               j - +6 ring of dexterity
MPRegen 0.18/turn               n - +6 ring of dexterity

@: corroded, invisible, very quick
A: very small, no large weapons, unfitting armour, see invisible, speed 3
a: Renounce Religion, Potion Petition, Call Merchant, Bribe Branch


You were on level 10 of the Dungeon.
You worshipped Gozag.
Gozag was most pleased with you.
You visited 2 branches of the dungeon, and saw 11 of its levels.

You collected 1595 gold pieces.
You paid 79 gold pieces to Gozag.

Inventory:

Hand Weapons
 e - a +3 dagger
 t - a +2 vampiric short sword (weapon)
Armour
 b - a +0 robe (worn)
Jewellery
 j - a +6 ring of dexterity (left hand)
 n - a +6 ring of dexterity (right hand)
 p - a ring of wizardry
Wands
 a - a wand of flame (36)
 u - a wand of roots (9)
 w - a wand of paralysis (5)
Scrolls
 f - 3 scrolls of fog
 h - a scroll of silence
 i - 2 scrolls of amnesia
 m - 4 scrolls of teleportation
 o - 2 scrolls of vulnerability
 q - a scroll of acquirement
 r - a scroll of summoning {unknown}
Potions
 d - a potion of brilliance
 g - 5 potions of curing
 k - a potion of ambrosia
 l - a potion of flight
 v - a potion of might
 x - 2 potions of mutation


   Skills:
 + Level 7.4 Short Blades
 + Level 9.1 Dodging
 + Level 11.0 Stealth
 + Level 8.4 Spellcasting
 + Level 8.6 Hexes
 + Level 7.7 Evocations


You had 14 spell levels left.
You knew the following spells:

 Your Spells              Type           Power      Damage    Failure   Level
a - Ensorcelled Hibernat  Hex/Ice        50%        N/A       1%          2
b - Confusing Touch       Hex            43%        N/A       1%          3
c - Tukima's Dance        Hex            43%        N/A       1%          3
d - Dazzling Flash        Conj/Hex       50%        N/A       4%          3

Your spell library contained the following spells:

 Spells                   Type           Power      Damage    Failure   Level
 Leda's Liquefaction      Hex/Erth       12%        N/A       14%         4
 Stone Arrow              Conj/Erth      16%        3d8       24%         3
 Animate Armour           Summ/Erth      16%        N/A       63%         4
 Summon Lightning Spire   Summ/Air       8%         N/A       63%         4
 Lee's Rapid Deconstruct  Erth           4%         3d6*      92%         5
 Statue Form              Tmut/Erth      5%         N/A       100%        6
 Storm Form               Tmut/Air       4%         N/A       100%        7
 Lehudib's Crystal Spear  Conj/Erth      4%         10d3      100%        8
 Maxwell's Capacitive Co  Air            4%         ∞         100%        8


Dungeon Overview and Level Annotations

Branches:
Dungeon (10/15)            Temple (1/1) D:4
   Lair: D:8-11         Orc: D:9-12

Altars:
Ashenzari
Cheibriados
Dithmenos
Elyvilon
Fedhas
Gozag
Hepliaklqana
Kikubaaqudgha
Makhleb
Nemelex Xobeh
Okawaru
Qazlal
Ru
Sif Muna
Trog
Uskayaw
Vehumet
Wu Jian
Xom
Yredelemnul
Zin
The Shining One

Shops:
D:4 (


Innate Abilities, Weirdness & Mutations

You are very small and have problems with some larger weapons.
You are too small for most types of armour.
You have supernaturally acute eyesight. (SInv)
You cover ground extremely quickly. (Speed+++)


Message History

A troll comes into view.
Found a stone staircase leading down.
A troll is nearby!
The troll shouts!
The troll completely misses you. The troll closely misses you.
The troll claws you.
You barely miss the troll. The troll closely misses you. The troll misses you.
The troll completely misses you.
The troll looks drowsy...
The helpless troll fails to defend itself.
You spit the troll like a pig!!!!
You feel better.
You kill the troll!
HP restored.
You now have 1516 gold pieces (gained 14).
Found a chain mail.
You see here a +0 chain mail.
You open the door.
There is an open door here.
You open the door.
There is an open door here.
You open the door.
An acid dragon comes into view.
A troll comes into view.
Found 12 gold pieces.
There is an open door here.
Found 7 stones.
The troll shouts!
The acid dragon roars!
The troll resists with significant effort.
The acid dragon spits acid at you. The splash of acid hits you!!
Ouch! That really hurt!
The acid corrodes you! The troll completely misses you. The troll misses you.
The troll closely misses you.
Unknown command.
You fade into invisibility!
The acid dragon spits acid at you. The splash of acid hits you!!
Ouch! That really hurt!
You die...
Your body crumbles into a pile of gold.

##.###########.........#
#.# #.........# #.##
#.........# #.[#
####'###### ##.# ##..#
#.# #..## ###.##### #.##
........# #####'########
........# #.....@T......
........###.............
..........+.........$...
........###.D...........
.......^# #............(
........# ###########+##
........# .######## ###
..# ..


You could see a troll (unable to see you) and an acid dragon (unable to see you,
catching breath).

Vanquished Creatures
  4 trolls
  A shadow (D:9)
  2 vampires (D:9)
  3 yaks (D:9)
  2 wyverns
  A wraith (D:8)
  2 steam dragons
  A sky beast (D:7)
  5 orc warriors
  An ice beast (D:7)
  A black bear (D:5)
  3 ogres
  2 centaurs
  3 phantoms
  4 kobold brigands
  Blork the orc (D:5)
  4 bullfrogs
  6 scorpions
  3 wights (D:6)
  2 howler monkeys
  3 hounds
  A gnoll bouda (D:7)
  3 orc priests
  13 orc wizards
  5 iguanas
  3 gnolls (D:7)
  8 adders
  2 white imps
  A worm (D:3)
  2 dart slugs
  36 orcs
  A bat (D:1)
  8 endoplasms
  4 giant cockroaches
  11 goblins
  7 hobgoblins
  23 kobolds
  2 quokkas
  4 ball pythons
  A frilled lizard (D:3)
  3 rats (D:3)
192 creatures vanquished.

Vanquished Creatures (collateral kills)
  An orc (D:6)
1 creature vanquished.

Vanquished Creatures (others)
  2 dancing weapons (D:6)
2 creatures vanquished.

Grand Total: 195 creatures vanquished

Notes
Turn   | Place    | Note
-------+----------+-------------------------------------------
     0 | D:1      | qeuew the Spriggan Enchanter began the quest for the Orb.
     0 | D:1      | Reached XP level 1. HP: 9/9 MP: 5/5
   310 | D:1      | Found a faded altar of an unknown god.
   553 | D:1      | Reached XP level 2. HP: 13/13 MP: 6/6
   556 | D:1      | Learned a level 2 spell: Ensorcelled Hibernation
  1378 | D:2      | Reached XP level 3. HP: 16/16 MP: 5/8
  2009 | D:3      | Reached skill level 5 in Stealth
  2473 | D:3      | Noticed an ogre
  2481 | D:3      | Killed an ogre
  2482 | D:3      | Reached XP level 4. HP: 15/21 MP: 4/10
  2685 | D:3      | Found a hazy altar of Hepliaklqana.
  2702 | D:3      | Reached XP level 5. HP: 24/24 MP: 11/11
  3199 | D:4      | Found Baen's Weapon Shop.
  3222 | D:4      | Found a staircase to the Ecumenical Temple.
  3235 | Temple   | Entered the Ecumenical Temple
  3303 | Temple   | Became a worshipper of Gozag Ym Sagoz the Greedy
  4140 | D:5      | Entered Level 5 of the Dungeon
  4175 | D:5      | Noticed an ogre
  4182 | D:5      | Killed an ogre
  4183 | D:5      | Reached skill level 6 in Stealth
  4183 | D:5      | Reached XP level 6. HP: 28/28 MP: 10/13
  4218 | D:5      | Found a shimmering altar of Xom.
  4240 | D:5      | Reached skill level 5 in Hexes
  4240 | D:5      | Reached skill level 1 in Evocations
  4289 | D:5      | Noticed Blork the orc
  4298 | D:5      | Killed Blork the orc
  4337 | D:5      | Found a burning altar of Makhleb.
  4342 | D:5      | Reached skill level 5 in Dodging
  4342 | D:5      | Reached XP level 7. HP: 32/32 MP: 11/15
  4494 | D:5      | Reached skill level 7 in Stealth
  4494 | D:5      | Reached skill level 5 in Spellcasting
  4503 | D:5      | Learned a level 3 spell: Confusing Touch
  4507 | D:5      | Learned a level 3 spell: Tukima's Dance
  4511 | D:5      | Learned a level 3 spell: Dazzling Flash
  4689 | D:5      | Found a snail-covered altar of Cheibriados.
  4869 | D:5      | Found a sacrificial altar of Ru.
  5090 | D:5      | Reached XP level 8. HP: 36/36 MP: 17/17
  5401 | D:5      | Identified a scroll of acquirement
  5968 | D:6      | Reached skill level 8 in Stealth
  6075 | D:6      | Reached skill level 5 in Short Blades
  6905 | D:6      | Found a glowing silver altar of Zin.
  7220 | D:7      | Reached skill level 5 in Evocations
  7365 | D:7      | Reached XP level 9. HP: 10/39 MP: 6/19
  7869 | D:7      | Reached skill level 9 in Stealth
  8483 | D:7      | HP: 1/39 [orc priest/divine providence (16)]
  8661 | D:8      | Found a white marble altar of Elyvilon.
  8904 | D:8      | Found a blossoming altar of Fedhas.
  9092 | D:9      | Found an ornate altar of the Wu Jian Council.
  9223 | D:9      | Reached skill level 10 in Stealth
  9355 | D:9      | Noticed a troll
  9358 | D:9      | Killed a troll
  9372 | D:9      | Found a snail-covered altar of Cheibriados.
  9434 | D:9      | Reached XP level 10. HP: 44/44 MP: 15/22
 10347 | D:9      | Found a hide-covered altar of Uskayaw.
 10517 | D:9      | Found a shadowy altar of Dithmenos.
 10662 | D:9      | Found a broken altar of Ashenzari.
 10713 | D:10     | Entered Level 10 of the Dungeon
 10755 | D:10     | Reached skill level 11 in Stealth
 10907 | D:10     | Killed from afar by an acid dragon

Illustrated notes

Levels and vault maps discovered:
D:1:      lightli_arrival_flooded_house, layout_basic,
          shapermc_ecumenical_altar_mp_urbaneastern
D:2:      layout_basic, guppyfry_early_orc_mine
D:3:      layout_rooms, mainiacjoe_overflow_tiny_flanked, hex_medium,
          moated_statue
D:4:      layout_loops_ring, minmay_temple_entry_waves, serial_shops,
          kennysheep_mini_moat, chequers_serial_rivers_large_b,
          minmay_misc_feat_chi, minmay_crossroads
D:5:      layout_gridville, mainiacjoe_overflow_concentric_impassable,
          mainiacjoe_overflow_boulevard, mainiacjoe_overflow_small_starburst,
          minmay_stone_trees_small, kennysheep_diamond, hangedman_decor_points,
          uniq_blork_the_orc
D:6:      layout_basic, zin_scriptorium, dreamdust_princess_corridor
D:7:      layout_basic
D:8:      layout_cave_pools, fedhas_altar_fruit_tree,
          nicolae_elyvilon_peaceful_grove, grunt_ministairs_11
D:9:      layout_small_grid, nicolae_uskayaw_dance_studio,
          nicolae_wu_jian_wuxing_cycle, nicolae_dithmenos_the_darkroom,
          marbit_many_paths, mainiacjoe_overflow_alcove_4
D:10:     layout_roguey, david_lair_shrubbed, orc_0_dummy, serial_shops, shop
Temple:   cyrus_temple_forest

Skill      XL: |  1  2  3  4  5  6  7  8  9 10 |
---------------+-------------------------------+-----
Dodging        | 3 4 5 6 8 9 |  9.1
Spellcasting   | 3 4 5 6 7 8 |  8.4
Hexes          | 4 5 6 7 8 |  8.6
Stealth        | 5 6 7 8 10 11 | 11.0
Short Blades   | 2 3 4 5 6 7 |  7.4
Evocations     | 1 3 5 6 7 |  7.7

Action                   |  1- 3 |  4- 6 |  7- 9 | 10-12 || total
-------------------------+-------+-------+-------+-------++-------
Melee: Dagger            |    74 |    47 |   168 |       ||   289
       Punch             |     2 |       |     3 |     2 ||     7
       Short sword       |       |       |    82 |    89 ||   171
 Cast: Ensorcelled Hiber |    19 |    14 |   102 |    36 ||   171
       Tukima's Dance    |       |       |     5 |       ||     5
       Confusing Touch   |       |       |     4 |     3 ||     7
Evoke: Wand              |       |       |     2 |       ||     2
  Use: Scroll            |     6 |     4 |     6 |     3 ||    19
       Potion            |     4 |     1 |     1 |     4 ||    10
 Stab: Sleeping          |    20 |    23 |    76 |    24 ||   143
       Invisible         |     1 |       |       |     3 ||     4
       Confused          |       |       |     3 |     4 ||     7
       Distracted        |       |       |     2 |     3 ||     5
Armor: Robe              |     8 |     1 |     7 |     2 ||    18
Dodge: Dodged            |    47 |    20 |   202 |    84 ||   353
